 Dungeon Crawl Stone Soup version 0.29.1-4-g47bece8355 (webtiles) character file.

Game seed: 3640574482719323113

9 FexLirch the Cudgeller (level 2, -6/26 HPs)
             Began as a Meteoran Monk on Dec 8, 2022.
             Mangled by Natasha (8 damage)
             ... on level 2 of the Dungeon.
             The game lasted 00:01:52 (208 turns).

FexLirch the Cudgeller (Meteoran Monk)               Turns: 208, Time: 00:01:53

Health: -6/26      AC:  2    Str: 12    XL:     2   Next: 41%
Magic:  3/3        EV: 13    Int: 11    God:
Gold:   11         SH:  0    Dex: 16    Spells: 1/1 levels left

rFire   . . .      SeeInvis .   a - +0 mace
rCold   . . .      Faith    .   (no shield)
rNeg    . . .      Spirit   .   b - +0 robe
rPois   .          Reflect  .   (no helmet)
rElec   .          Harm     .   (no cloak)
rCorr   .          Rampage  .   (no gloves)
Will    .....                   (no boots)
Stlth   +.........              (no amulet)
HPRegen 0.08/turn               (no ring)
MPRegen 0.08/turn               (no ring)

@: weak-willed, glowing
A: sense surroundings 1, otherworldly, glowing, explore regen
a: no special abilities


You were on level 2 of the Dungeon.
You visited 1 branch of the dungeon, and saw 2 of its levels.

You collected 11 gold pieces.

Inventory:

Hand Weapons
 a - a +0 mace (weapon)
Armour
 b - a +0 robe (worn)
Scrolls
 g - a scroll of silence {unknown}
 h - a scroll of teleportation {unknown}
 i - a scroll of magic mapping {unknown}
Potions
 c - a potion of ambrosia
 f - a potion of heal wounds {unknown}
 j - a potion of cancellation {unknown}


   Skills:
 - Level 3.2 Fighting
 + Level 4.8 Maces & Flails
 - Level 3.6 Dodging
 - Level 1.4 Stealth


You had one spell level left.
You didn't know any spells.
Your spell library was empty.

Dungeon Overview and Level Annotations

Branches:
Dungeon (2/15) Zot: 985

Altars:

Annotations:
D:2 Natasha


Innate Abilities, Weirdness & Mutations

You passively map a small area around you.
You are easily found by Zot.
You glow in the dark.
You regain HP and MP as you explore.


Message History

You hit the hobgoblin.
You kill the hobgoblin!
j - a blue potion
Found a chain mail.
Natasha, Servant of Life and Death comes into view.
Found a whip.
Found a scroll labelled ETIASHR DEOTOIDE.
Natasha stares at you and mumbles some strange words.
You resist with significant effort.
Sorry, you're not good enough to have a special ability.
Unknown command.
Nothing quivered!
Unknown command.
Unknown command.
As you read the scroll labelled OWIYL PUTENT, it crumbles to dust.
Your body is wracked with pain!
It was a scroll of torment.
As you read the scroll labelled TECUIJ DUCAN, it crumbles to dust.
Magic quickly surges around you.
It was a scroll of vulnerability.
Natasha mewls in sadness.
You hit Natasha.
Natasha is moderately wounded.
Natasha claws you.
You barely miss Natasha.
Natasha is moderately wounded.
Natasha barely misses you.
You hit Natasha.
Natasha is heavily wounded.
Natasha closely misses you.
You barely miss Natasha.
Natasha is heavily wounded.
Natasha barely misses you.
You closely miss Natasha.
Natasha is heavily wounded.
Natasha claws you!
* * * LOW HITPOINT WARNING * * *
Natasha misses you.
You barely miss Natasha.
Natasha is heavily wounded.
Natasha claws you!
You die...

#####.....†....### ######
#............# #....# *
#..........#.#### #....# *
#.#####.####....###..).# .
#....##...............<#
...#######....#########.####....#
.......<.......#### #.., #...†#
.......).##.......# #####.##....#
.........##...##@.###.....)....##
.........########h.............#
.......w.# ####.##...........#
.........# #..#.# #.####.#####
...<.....# #....### #* #.
.....>...# ##....##.#.... , ,,
*###.......### , #.........[.. *
#............,


You could see Natasha.

Vanquished Creatures
  An endoplasm (D:2)
  2 goblins
  2 hobgoblins
  2 ball pythons (D:2)
  A kobold (D:2)
  A rat (D:2)
9 creatures vanquished.

Notes
Turn   | Place    | Note
-------+----------+-------------------------------------------
     0 | D:1      | FexLirch the Meteoran Monk began the quest for the Orb.
     0 | D:1      | Reached XP level 1. HP: 19/19 MP: 2/2
   122 | D:1      | Reached XP level 2. HP: 21/26 MP: 3/3
   193 | D:2      | Noticed Natasha
   208 | D:2      | Mangled by Natasha

Illustrated notes

Levels and vault maps discovered:
D:1:      heliophobic_arrival_ceremonial_halls, layout_basic
D:2:      layout_rooms, kennysheep_pointless_box, uniq_natasha

Action                   || total
-------------------------++-------
Melee: Mace              ||    29
  Use: Scroll            ||     2
Armor: Robe              ||     4
Dodge: Dodged            ||    16
